 Dungeon Crawl Stone Soup version 0.30-a0-721-ga6a225cb13 (webtiles) character file.

Game seed: 7153514625668097084

8103 kae the Transmogrifier (level 11, -4/84 HPs)
             Began as a Demonspawn Transmuter on Jan 27, 2023.
             Was a High Priest of Jiyva.
             Slain by a blink frog (11 damage)
             ... on level 1 of the Lair of Beasts.
             The game lasted 00:13:22 (8245 turns).

kae the Transmogrifier (Demonspawn Transmuter)      Turns: 8245, Time: 00:13:22

Health: -4/84      AC:  8    Str: 12    XL:     11   Next: 5%
Magic:  21/21      EV: 10    Int: 17    God:    Jiyva [*****.]
Gold:   271        SH:  5    Dex: 14    Spells: 14/24 levels left

rFire   x . .      SeeInvis .      - Unarmed
rCold   + + +      Faith    .    (shield currently unavailable)
rNeg    . . .      Spirit   .    (body armour currently unavailable)
rPois   +          Reflect  +    (helmet currently unavailable)
rElec   .          Harm     .    (cloak currently unavailable)
rCorr   +          Rampage  .    (gloves currently unavailable)
Will    .....                    (boots currently unavailable)
Stlth   +                        u - amulet of reflection
HPRegen 1.78/turn                L - ring of flight
MPRegen 0.62/turn                (no ring)

@: ice-form (expiring), wereblooded, flying
A: freezing attack, amphibious, boosted hp, large, (hooves 2), foul stench 2,
(spiny 2), (cold resistance 3), (fire resistance 1), (poison resistance),
(acidic bite)
a: End Transformation, Renounce Religion, Oozemancy, Slimify


You were on level 1 of the Lair of Beasts.
You worshipped Jiyva.
Jiyva was extremely pleased with you.
You were a creature of crystalline ice.
You visited 2 branches of the dungeon, and saw 11 of its levels.
You also visited: Sewer.

You collected 271 gold pieces.


Innate Abilities, Weirdness & Mutations

You are a creature of crystalline ice.
You have a powerful freezing melee attack.
You are amphibious.
Your maximum health is increased.
Your armour is entirely melded.
You are incapable of wielding weapons or throwing items.
((You have hoof-like feet.))
You sometimes emit foul miasma when damaged in melee.
((You are mostly covered in sharp spines.))
((Your flesh is almost immune to the effects of cold. (rC+++)))
((Your flesh is heat resistant. (rF+)))
((Your system is resistant to poisons. (rPois)))
((You have acidic saliva.))


   Skills:
 + Level 1.2 Fighting
 + Level 1.9 Dodging
 + Level 7.6 Unarmed Combat
 + Level 7.3 Spellcasting
 * Level 10.3 Transmutations
 - Level 6.0 Ice Magic
 - Level 2.5 Poison Magic


You had 14 spell levels left.
You knew the following spells:

 Your Spells              Type           Power      Damage    Failure   Level
a - Beastly Appendage     Tmut           82%        N/A       1%          1
b - Wereblood             Tmut           41%        N/A       1%          2
c - Spider Form           Tmut/Pois      28%        N/A       2%          3
d - Ice Form              Ice/Tmut       34%        N/A       3%          4

Your spell library contained the following spells:

 Spells                   Type           Power      Damage    Failure   Level
 Frozen Ramparts          Ice            52%        1d8       3%          3
 Summon Ice Beast         Ice/Summ       16%        N/A       32%         4
 Dazzling Flash           Conj/Hex       12%        N/A       34%         3
 Iskenderun's Mystic Bla  Conj/Tloc      6%         2d4       75%         4
 Starburst                Conj/Fire      3%         6d3       100%        6
 Borgnjor's Revivificati  Necr           3%         N/A       100%        8
 Necromutation            Tmut/Necr      11%        N/A       100%        8
 Death's Door             Necr           3%         N/A       100%        9

Inventory:

Missiles
 d - 76 stones
 e - 2 boomerangs
 o - 51 poisoned darts
Armour
 a - a +1 robe
 c - the +1 leather armour "Zejodef" {Dex+5 Stlth-}
   (You found it on level 2 of the Dungeon)

   Dex:       It affects your dexterity (+5).
   Stlth:     It makes you less stealthy.
 t - a +2 robe of cold resistance (melded)
   (You found it on level 6 of the Dungeon)
Magical Staves
 B - a staff of poison {!a}
   (You found it on level 1 of the Lair of Beasts)
Jewellery
 f - a ring of protection from fire
   (You found it on level 10 of the Dungeon)
 s - an amulet of magic regeneration
   (You took it off a gnoll on level 9 of the Dungeon)
 u - an amulet of reflection (around neck)
   (You found it on level 6 of the Dungeon)
 F - a ring of fire
   (You found it on level 9 of the Dungeon)
 L - a ring of flight (left front paw)
   (You found it on level 4 of the Dungeon)
Wands
 k - a wand of flame (10)
   (You found it on level 5 of the Dungeon)
 p - a wand of mindburst (8)
   (You found it on level 7 of the Dungeon)
 q - a wand of paralysis (11)
   (You found it on level 8 of the Dungeon)
 r - a wand of polymorph (6)
   (You found it on level 9 of the Dungeon)
 x - a wand of iceblast (5)
   (You found it on level 10 of the Dungeon)
 y - a wand of quicksilver (7)
   (You found it on level 10 of the Dungeon)
Scrolls
 l - 2 scrolls of teleportation {@r4}
 n - a scroll of enchant armour
 w - a scroll of fog
Potions
 b - 4 potions of lignification {!q}
 g - a potion of ambrosia
 h - 5 potions of curing {@q1}
 i - 4 potions of mutation {!q}
 j - a potion of haste {@q3}
 m - a potion of resistance
 v - a potion of heal wounds {unknown}
 z - a potion of invisibility {unknown}
 A - 2 potions of brilliance {unknown}
 C - a potion of flight {unknown}

Dungeon Overview and Level Annotations

Branches:
Dungeon (10/15) Zot: 26393  Temple (0/1) D:6            Lair (1/5) D:8 Zot: 5581
  Sewer (visited)
    Orc: D:9-12

Altars:
Trog
Jiyva

Shops:
D:3 =   D:4 (   D:8 [

Annotations:
D:9 Harold

.......................
............##.........
...####.....##.........
#.#####.....#..........
#......................
≈≈.####................
≈≈~ #................
~≈...##......#.........
.......Y...##.#.
......#○F.......
..........#.##..
..............
...............
#....#......##.
##..##.§...## #..
#....~. ##.....


You could see a blink frog.


Message History

You hear a slurping noise. 😎 HP[+10]
Your hp is fully restored (84).
A blink frog comes into view.
A blink frog is nearby!
A blink frog is nearby!
A blink frog is nearby!
A blink frog is nearby!
A blink frog is nearby!
The blink frog croaks.
You hear a croak.
The blink frog blinks!
A blink frog comes into view. 2 blink frogs come into view.
The blink frog moves out of view.
There are monsters nearby!
The blink frog gives a loud, deep croak!
You block the blink frog's attack. The blink frog closely misses you.
There are monsters nearby!
You barely miss the blink frog.
The blink frog blinks!
You punch the blink frog! You freeze the blink frog.
The blink frog blinks!
The blink frog hits you.
There are monsters nearby!
You closely miss the blink frog.
The blink frog blinks!
You pummel the blink frog!! You freeze the blink frog! The blink frog hits you!
The blink frog hits you.
You emit a cloud of foul miasma!
There are monsters nearby!
You hit the blink frog but do no damage.
The blink frog hits you!
The blink frog blinks!
The blink frog is engulfed in dark miasma.
The blink frog is poisoned.
The blink frog seems to slow down.
You block the blink frog's attack.
You are too injured to fight recklessly!
There are monsters nearby!
You are too injured to fight recklessly!
You are too injured to fight recklessly!
There are monsters nearby!
You are too injured to fight recklessly!
You are too injured to fight recklessly!
There are monsters nearby! 😮 HP[-28]
You take 28 damage, and now have 56/84 hp.
MASSIVE DAMAGE!! (PAUSE)
You punch the blink frog! You freeze the blink frog.
The blink frog is no longer moving slowly.
The blink frog hits you but does no damage.
The blink frog is engulfed in dark miasma.
The blink frog looks even sicker.
The blink frog seems to slow down. 😮 HP[+2]
You regained 2 hp, and now have 58/84 hp.
Unknown command.
You barely miss the blink frog.
Your transformation is almost over.
The blink frog is no longer moving slowly.
The blink frog hits you.
The blink frog blinks!
The blink frog hits you! 😮 HP[-13]
You take 13 damage, and now have 45/84 hp.
You punch the blink frog! You freeze the blink frog. The blink frog hits you.
The blink frog hits you!
* * * LOW HITPOINT WARNING * * *
The blink frog blinks! 😨 HP[-13]
You take 13 damage, and now have 32/84 hp.
You pummel the blink frog!! You freeze the blink frog.
You kill the blink frog!
The blink frog closely misses you.
The blink frog barely misses you. 😨 HP[+1] Unknown command.
Casting: Ice Form (dangerous; 4% risk of failure)
Confirm with . or Enter, or press ? or * to list all spells.
Your blood is infused with primal strength.
The blink frog hits you.
* * * LOW HITPOINT WARNING * * *
The blink frog hits you.
* * * LOW HITPOINT WARNING * * *
You emit a cloud of foul miasma!
The blink frog blinks!
The blink frog closely misses you. 😨 HP[-2] MP[-1]
You take 2 damage, and now have 31/84 hp.
You lost 1 mp, and now have 20/21 mp.
You barely miss the blink frog. The blink frog closely misses you.
The blink frog hits you!
* * * LOW HITPOINT WARNING * * *
The blink frog hits you!
* * * LOW HITPOINT WARNING * * *
The blink frog blinks! 😱 HP[-18]
You take 18 damage, and now have 13/84 hp.
MASSIVE DAMAGE!! (PAUSE)
You punch the blink frog!
The blink frog seems to slow down.
You freeze the blink frog.
You feel a bit better.
You kill the blink frog!
The blink frog hits you!
* * * LOW HITPOINT WARNING * * *
The blink frog blinks! 😱 HP[-8] MP[+1]
You take 8 damage, and now have 5/84 hp.
Your mp is fully restored (21).
Unknown command.
You barely miss the blink frog. The blink frog hits you!
You die...

Skill      XL: |  1  2  3  4  5  6  7  8  9 10 |
---------------+-------------------------------+-----
Transmutations | 2 3 4 5 6 8 10 | 10.3
Unarmed Combat | 3 4 5 6 7 |  7.6
Poison Magic   | 1 2 |  2.5
Spellcasting   | 3 4 5 7 |  7.3
Ice Magic      | 1 3 5 6 |  6.0
Fighting       | |  1.2
Dodging        | |  1.9

Action                     |  1- 3 |  4- 6 |  7- 9 | 10-12 || total
---------------------------+-------+-------+-------+-------++-------
  Melee: Unarmed           |    81 |   187 |   228 |   121 ||   617
         Kick              |    10 |    11 |     6 |       ||    27
         Headbutt          |     4 |    11 |       |       ||    15
         Punch             |       |     1 |     1 |       ||     2
   Cast: Beastly Appendage |    12 |    10 |       |     1 ||    23
         Spider Form       |     6 |    13 |    12 |       ||    31
         Wereblood         |     1 |     3 |     5 |     5 ||    14
         Ice Form          |       |       |    19 |    13 ||    32
 Invoke: Oozemancy         |       |       |     3 |     1 ||     4
         Slimify           |       |       |     1 |       ||     1
Ability: End Transformatio |       |       |       |     1 ||     1
    Use: Scroll            |     3 |     5 |     7 |       ||    15
   Stab: Sleeping          |       |     1 |     1 |       ||     2
 Armour: Robe              |     9 |    22 |     1 |       ||    32
         Skin              |     1 |     6 |    47 |    38 ||    92
  Dodge: Dodged            |    52 |   121 |   167 |    62 ||   402
  Block: Other             |       |       |    25 |    27 ||    52
         Reflection        |       |       |     5 |       ||     5

Levels and vault maps discovered:
D:1:      dpeg_chamrin_arrival_tetris, layout_basic,
          ebering_ecumenical_altar_mist
D:2:      layout_rooms, uniq_robin, uniq_terence
D:3:      layout_rooms, serial_shops, shop, gup_sewer_entry_bowl, st_stairs_13
D:4:      layout_cave_pods, serial_shops,
          nicolae_shop_competitors_out_of_business, minmay_circle_x,
          uniq_natasha
D:5:      layout_basic, feat_on_display
D:6:      layout_loops_ring, temple_statues
D:7:      layout_layer_cave, tso_metal_star, trog_ov_bears_minmay,
          nrook_campfire
D:8:      layout_basic, lair_entry_dummy, serial_shops, nicolae_shop_stone,
          serial_glass, glass_columns_a, glass_columns_c, glass_columns_a,
          glass_columns_a, glass_columns_c, glass_columns_a, item_on_display_a
D:9:      layout_cave_pools, serial_column_ruins, column_ruins_hut_pillars,
          column_ruins_grid_3, column_ruins_open_medium, column_ruins_grid_3,
          column_ruins_grid_1, column_ruins_grid_3, uniq_harold
D:10:     minmay_angry_zag, layout_rooms, minivault_25_ag
Lair:1:   layout_gridlike, chequers_serial_rivers_small_a, st_stairs_11,
          nicolae_lair_lil_pond, infiniplex_staircase_pool_2

Notes
Turn   | Place    | Note
-------+----------+-------------------------------------------
     0 | D:1      | kae the Demonspawn Transmuter began the quest for the Orb.
     0 | D:1      | Reached XP level 1. HP: 15/15 MP: 3/3
     0 | D:1      | magus.rc [v1.11.3]
   135 | D:1      | Found a faded altar of an unknown god.
   139 | D:1      | Reached skill level 2 in Transmutations
   146 | D:1      | Prayed at the altar of an unknown god.
   146 | D:1      | Became a worshipper of Jiyva Jykutaps the Shapeless
   146 | D:1      | Reached * piety under Jiyva
   158 | D:1      | Gained mutation: You may rarely emit foul miasma when
                  | damaged in melee. [demonic ancestry]
   158 | D:1      | Reached XP level 2. HP: 19/21 MP: 5/5
   588 | D:2      | Noticed Robin
   600 | D:1      | Reached skill level 3 in Unarmed Combat
   640 | D:1      | HP: 1/21 [gnoll/+0 halberd (15)]
   775 | D:1      | Learned a level 2 spell: Wereblood
   805 | D:2      | Noticed Terence
   815 | D:1      | Reached XP level 3. HP: 9/26 MP: 6/6
   852 | D:1      | Learned a level 3 spell: Spider Form
  1007 | D:2      | Reached skill level 3 in Transmutations
  1007 | D:2      | Reached skill level 1 in Poison Magic
  1007 | D:2      | Reached XP level 4. HP: 23/32 MP: 7/7
  1024 | D:2      | Identified the +1 leather armour "Zejodef" {Dex+5 Stlth-}
  1050 | D:2      | Killed Terence
  1082 | D:2      | Killed Robin
  1089 | D:2      | Reached ** piety under Jiyva
  1525 | D:3      | Found Jaynnal's Jewellery Emporium.
  1699 | D:3      | Reached *** piety under Jiyva
  1702 | D:3      | Gained mutation: You are strong-willed. (Will+) [Jiyva's
                  | grace]
  1702 | D:3      | Gained mutation: You are highly strong-willed. (Will++)
                  | [Jiyva's grace]
  1702 | D:3      | Gained mutation: You are extremely strong-willed. (Will+++)
                  | [Jiyva's grace]
  1702 | D:3      | Gained mutation: You have a small jelly attached to you
                  | that may absorb projectiles. [Jiyva's grace]
  1831 | D:3      | Found a glowing drain.
  1835 | Sewer    | Entered a sewer
  1841 | Sewer    | Reached XP level 5. HP: 37/37 MP: 9/9
  1870 | Sewer    | Noticed Pargi
  1879 | Sewer    | Killed Pargi
  1880 | Sewer    | Reached skill level 2 in Poison Magic
  1891 | Sewer    | Reached skill level 3 in Spellcasting
  2028 | D:3      | Learned a level 4 spell: Ice Form
  2255 | D:4      | Gained mutation: You are partially covered in sharp spines.
                  | [demonic ancestry]
  2255 | D:4      | Reached XP level 6. HP: 37/43 MP: 10/10
  2262 | D:4      | Reached skill level 4 in Transmutations
  2292 | D:4      | Identified the +1 robe of the Tortured God {Str-4 Dex+5}
  2344 | D:4      | Reached skill level 1 in Ice Magic
  2518 | D:4      | Reached **** piety under Jiyva
  2706 | D:4      | Found Zesok's Weapon Emporium.
  2900 | D:4      | Noticed Natasha
  2913 | D:4      | Killed Natasha
  2914 | D:4      | Gained mutation: You have large cloven feet. [demonic
                  | ancestry]
  2914 | D:4      | Reached XP level 7. HP: 48/48 MP: 12/12
  3155 | D:5      | Entered Level 5 of the Dungeon
  3249 | D:5      | Reached skill level 2 in Ice Magic
  3335 | D:5      | Reached ***** piety under Jiyva
  3362 | D:5      | You pick up a book of Spectacle and begin reading...
  3362 | D:5      | You add the spells Dazzling Flash, Iskenderun's Mystic
                  | Blast and Starburst to your library.
  3502 | D:5      | Gained mutation: Your translucent skin slightly reduces
                  | your foes' accuracy. (Stealth+) [Jiyva's grace]
  3502 | D:5      | Gained mutation: Your translucent skin reduces your foes'
                  | accuracy. (Stealth+) [Jiyva's grace]
  3502 | D:5      | Gained mutation: Your transparent skin significantly
                  | reduces your foes' accuracy. (Stealth+) [Jiyva's grace]
  3502 | D:5      | Lost mutation: Your transparent skin significantly reduces
                  | your foes' accuracy. (Stealth+) [Jiyva's grace]
  3502 | D:5      | Lost mutation: Your translucent skin reduces your foes'
                  | accuracy. (Stealth+) [Jiyva's grace]
  3502 | D:5      | Lost mutation: Your translucent skin slightly reduces your
                  | foes' accuracy. (Stealth+) [Jiyva's grace]
  3502 | D:5      | Gained mutation: Your skin changes colour to match your
                  | surroundings (Stealth+). [Jiyva's grace]
  3535 | D:5      | Reached skill level 4 in Unarmed Combat
  3734 | D:5      | Reached skill level 5 in Transmutations
  3739 | D:5      | Reached skill level 3 in Ice Magic
  4015 | D:6      | Found a staircase to the Ecumenical Temple.
  4127 | D:6      | Reached XP level 8. HP: 37/54 MP: 11/13
  4157 | D:6      | Reached skill level 4 in Spellcasting
  4160 | D:6      | HP: 16/64 [steam dragon] (11)]
  4230 | D:6      | Reached skill level 4 in Ice Magic
  4250 | D:6      | You add the spells Borgnjor's Revivification, Necromutation
                  | and Death's Door to your library.
  4533 | D:6      | Reached skill level 6 in Transmutations
  4930 | D:7      | Reached skill level 5 in Unarmed Combat
  4948 | D:7      | Lost mutation: You are extremely strong-willed. (Will+++)
                  | [Jiyva's grace]
  4948 | D:7      | Lost mutation: You are highly strong-willed. (Will++)
                  | [Jiyva's grace]
  4948 | D:7      | Gained mutation: Your system is resistant to poisons.
                  | (rPois) [Jiyva's grace]
  4948 | D:7      | Gained mutation: Your flesh is heat resistant. (rF+)
                  | [Jiyva's grace]
  4948 | D:7      | Gained mutation: Your flesh is very heat resistant. (rF++)
                  | [Jiyva's grace]
  4948 | D:7      | Gained mutation: Your flesh is almost immune to the effects
                  | of heat. (rF+++) [Jiyva's grace]
  5005 | D:7      | Reached skill level 5 in Ice Magic
  5128 | D:7      | Reached ****** piety under Jiyva
  5672 | D:7      | Gained mutation: You have hoof-like feet. [demonic
                  | ancestry]
  5672 | D:7      | Reached XP level 9. HP: 59/59 MP: 16/16
  5708 | D:7      | Found a bloodstained altar of Trog.
  5895 | D:8      | Noticed a two-headed ogre
  5901 | D:8      | Slimified a two-headed ogre
  5901 | D:8      | a two-headed ogre changed into an acid blob
  5901 | D:8      | Noticed an acid blob
  6211 | D:8      | Reached skill level 5 in Spellcasting
  6211 | D:8      | Reached skill level 7 in Transmutations
  6275 | D:8      | Found Miesukkyo's Armour Shop.
  6319 | D:8      | Found a staircase to the Lair.
  6653 | D:9      | Reached skill level 6 in Ice Magic
  6725 | D:9      | Noticed Harold
  6788 | D:9      | Lost mutation: Your flesh is almost immune to the effects
                  | of heat. (rF+++) [Jiyva's grace]
  6788 | D:9      | Lost mutation: Your system is resistant to poisons. (rPois)
                  | [Jiyva's grace]
  6788 | D:9      | Lost mutation: You have a small jelly attached to you that
                  | may absorb projectiles. [Jiyva's grace]
  6788 | D:9      | Gained mutation: Your flesh is almost immune to the effects
                  | of heat. (rF+++) [Jiyva's grace]
  6788 | D:9      | Gained mutation: Your system is resistant to poisons.
                  | (rPois) [Jiyva's grace]
  6788 | D:9      | Gained mutation: Your mind is acute. (Int +4, Str/Dex -1)
                  | [Jiyva's grace]
  6788 | D:9      | Gained mutation: Your mind is very acute. (Int +8, Str/Dex
                  | -2) [Jiyva's grace]
  6793 | D:9      | Reached skill level 6 in Unarmed Combat
  6793 | D:9      | Reached skill level 8 in Transmutations
  6971 | D:9      | Noticed a troll
  6977 | D:9      | Killed a troll
  7213 | D:10     | Entered Level 10 of the Dungeon
  7229 | D:10     | Noticed a kobold demonologist
  7231 | D:10     | Noticed a kobold demonologist
  7232 | D:10     | Noticed a kobold demonologist
  7239 | D:10     | Noticed a hellwing
  7242 | D:10     | Killed a kobold demonologist
  7243 | D:10     | Gained mutation: You sometimes emit foul miasma when
                  | damaged in melee. [demonic ancestry]
  7243 | D:10     | Reached XP level 10. HP: 55/65 MP: 18/18
  7246 | D:10     | Reached skill level 6 in Spellcasting
  7285 | D:10     | You pick up a book of Rime and begin reading...
  7285 | D:10     | You add the spells Frozen Ramparts and Summon Ice Beast to
                  | your library.
  7547 | D:10     | Reached skill level 9 in Transmutations
  7658 | D:10     | Reached skill level 7 in Unarmed Combat
  7819 | Lair:1   | Entered Level 1 of the Lair of Beasts
  7943 | Lair:1   | Reached skill level 7 in Spellcasting
  8002 | Lair:1   | Reached skill level 10 in Transmutations
  8043 | Lair:1   | Lost mutation: Your skin changes colour to match your
                  | surroundings (Stealth+). [Jiyva's grace]
  8043 | Lair:1   | Lost mutation: Your mind is very acute. (Int +8, Str/Dex
                  | -2) [Jiyva's grace]
  8043 | Lair:1   | Lost mutation: Your mind is acute. (Int +4, Str/Dex -1)
                  | [Jiyva's grace]
  8043 | Lair:1   | Lost mutation: Your flesh is almost immune to the effects
                  | of heat. (rF+++) [Jiyva's grace]
  8043 | Lair:1   | Lost mutation: Your flesh is very heat resistant. (rF++)
                  | [Jiyva's grace]
  8043 | Lair:1   | Lost mutation: You are strong-willed. (Will+) [Jiyva's
                  | grace]
  8043 | Lair:1   | Gained mutation: Your flesh is cold resistant. (rC+)
                  | [Jiyva's grace]
  8043 | Lair:1   | Gained mutation: Your flesh is very cold resistant. (rC++)
                  | [Jiyva's grace]
  8043 | Lair:1   | Gained mutation: Your flesh is almost immune to the effects
                  | of cold. (rC+++) [Jiyva's grace]
  8043 | Lair:1   | Gained mutation: You have acidic saliva. [Jiyva's grace]
  8211 | Lair:1   | Gained mutation: You are mostly covered in sharp spines.
                  | [demonic ancestry]
  8211 | Lair:1   | Reached XP level 11. HP: 70/70 MP: 21/21
  8243 | Lair:1   | HP: 13/84 [blink frog (13)]
  8244 | Lair:1   | HP: 5/84 [blink frog (10)]
  8245 | Lair:1   | Slain by a blink frog

Vanquished Creatures
  3 kobold demonologists (D:10)
  2 komodo dragons (Lair:1)
  2 trolls
  3 blink frogs (Lair:1)
  2 hornets
  2 wraiths (D:10)
  2 wyverns
  5 yaks (D:10)
  A basilisk (Lair:1)
  A steam dragon (D:6)
  3 water moccasins (Lair:1)
  An acid dragon (D:10)
  3 ice beasts
  An orc warrior (D:9)
  Pargi (Sewer)
  4 black bears
  2 ogres
  A wolf (Lair:1)
  2 centaurs
  3 kobold brigands
  A phantom (D:5)
  2 gnoll sergeants
  3 necrophages
  2 scorpions
  14 killer bees
  2 howler monkeys
  3 orc priests
  4 hounds
  Natasha (D:4)
  4 iguanas
  5 orc wizards
  2 hell rats (Lair:1)
  Robin (D:2)
  8 adders
  17 gnolls
  3 worms
  6 dart slugs
  19 orcs
  5 ball pythons
  3 bats
  2 endoplasms (D:1)
  2 giant cockroaches (D:3)
  11 goblins
  11 hobgoblins
  5 quokkas
  8 frilled lizards
  18 kobolds
  2 rats (D:1)
208 creatures vanquished.

Vanquished Creatures (collateral kills)
  An ogre (D:6)
1 creature vanquished.

Vanquished Creatures (others)
  A black bear (D:7)
  A centaur (D:6)
  A kobold brigand (D:5)
  A killer bee (D:9)
  10 jellies
  Terence (D:2)
  A hell rat (Lair:1)
  An adder (D:4)
  A worm (D:4)
  A dart slug (D:4)
  7 orcs
  A ball python (D:2)
  7 endoplasms
  2 giant cockroaches (D:4)
  2 goblins (D:2)
  4 hobgoblins
  8 kobolds
  A bat (D:2)
  A fungus (Lair:1)
  2 plants (Lair:1)
54 creatures vanquished.

Grand Total: 263 creatures vanquished

Table legend:
 A = Non-vault XP
 B = Vault XP
 C = Vault XP percentage of total XP
 D = Non-vault monster count
 E = Vault monster count
 F = Vault count percentage of total count
                 A         B        C        D         E       F
            +---------+---------+-------+---------+---------+-------
      Total |    9886 |    1691 |  14.6 |     178 |      33 |  15.6
            +---------+---------+-------+---------+---------+-------
        D:1 |      50 |       0 |   0.0 |      20 |       0 |   0.0
        D:2 |      64 |      45 |  41.3 |      12 |       7 |  36.8
        D:3 |      28 |      10 |  26.3 |      13 |       5 |  27.8
        D:4 |     302 |      85 |  22.0 |      19 |       4 |  17.4
        D:5 |     464 |       0 |   0.0 |       9 |       0 |   0.0
        D:6 |     913 |       0 |   0.0 |      19 |       0 |   0.0
        D:7 |     698 |     126 |  15.3 |      18 |       1 |   5.3
        D:8 |     674 |       0 |   0.0 |      13 |       0 |   0.0
        D:9 |    1590 |       0 |   0.0 |      22 |       0 |   0.0
       D:10 |    2671 |    1019 |  27.6 |      21 |       6 |  22.2
     Lair:1 |    2432 |     247 |   9.2 |      12 |       2 |  14.3
      Sewer |       0 |     159 | 100.0 |       0 |       8 | 100.0
            +---------+---------+-------+---------+---------+-------

Illustrated notes

Table legend:
 A = Kills in this place as a percentage of kills in entire the game.
 B = Kills by you in this place as a percentage of kills by you in the entire game.
 C = Kills by friends in this place as a percentage of kills by friends in the entire game.
 D = Other kills in this place as a percentage of other kills in the entire game.
 E = Experience gained in this place as a percentage of experience gained in the entire game.
 F = Experience gained in this place divided by the number of levels of this place that you have seen.
                   A       B       C       D       E      F
               +-------+-------+-------+-------+-------+----------------------
         Total | 100.0 | 100.0 | 100.0 | 100.0 | 100.0 | 964.8
       Dungeon |  89.6 |  89.4 | 100.0 | 100.0 |  75.5 | 873.9
          Lair |   6.6 |   6.7 |   0.0 |   0.0 |  23.1 | 2679.0
         Sewer |   3.8 |   3.8 |   0.0 |   0.0 |   1.4 | 159.0
               +-------+-------+-------+-------+-------+----------------------

Table legend: (Time is in decaauts)
 A = Elapsed time spent in this place.
 B = Non-inter-level travel time spent in this place.
 C = Inter-level travel time spent in this place.
 D = Time resting spent in this place.
 E = Time spent auto-exploring this place.
 F = Levels seen in this place.
 G = Mean time per level.
                   A        B        C        D        E       F      G
               +--------+--------+--------+--------+--------+-----+--------+
         Total |   8247 |   7813 |    434 |     70 |   6047 |  12 |  687.2 |
       Dungeon |   7609 |   7176 |    433 |     70 |   5646 |  10 |  760.9 |
          Lair |    417 |    417 |      0 |      0 |    288 |   1 |  417.0 |
         Sewer |    220 |    220 |      0 |      0 |    113 |   1 |  220.0 |
               +--------+--------+--------+--------+--------+-----+--------+

Top non-repeatable levels by time:
     D:7: 1140 daAuts
     D:4: 964 daAuts
     D:1: 891 daAuts
     D:5: 840 daAuts
     D:6: 746 daAuts
     D:8: 720 daAuts
     D:9: 636 daAuts
     D:3: 573 daAuts
    D:10: 561 daAuts
     D:2: 534 daAuts
  Lair:1: 417 daAuts
   Sewer: 220 daAuts
